 Dungeon Crawl Stone Soup version 0.31.0-11-ge490571c62 (webtiles) character file.

Game seed: 11006730409983075120

79 Marvel the Trooper (level 4, -2/40 HPs)
             Began as a Hill Orc Fighter on Feb 8, 2024.
             Slain by a kobold
             ... wielding a +0 whip
              (3 damage)
             ... on level 2 of the Dungeon.
             The game lasted 00:00:56 (749 turns).

Marvel the Trooper (Hill Orc Fighter)                Turns: 749, Time: 00:00:56

Health: -2/40      AC:  7    Str: 20    XL:     4   Next: 38%
Magic:  4/4        EV:  9    Int:  8    God:
Gold:   29         SH:  4    Dex: 10    Spells: 3/3 levels left

rFire   . . .        a - +0 war axe
rCold   . . .        c - +0 buckler
rNeg    . . .        b - +0 scale mail
rPois   .            (no helmet)
rElec   .            (no cloak)
rCorr   .            (no gloves)
SInv    .            (no boots)
Will    +....        (no amulet) Stlth
                     (no ring)
HPRegen 0.26/turn    (no ring)
MPRegen 0.09/turn

%: no passive effects
@: lethally poisoned (-2 -> -6), enlightened, flying
A: no striking features
a: no special abilities


You were on level 2 of the Dungeon.
You visited 1 branch of the dungeon, and saw 2 of its levels.

You collected 29 gold pieces.

Inventory:

Hand Weapons
 a - a +0 war axe (weapon)
Armour
 b - a +0 scale mail (worn)
 c - a +0 buckler (worn)
Scrolls
 f - 2 scrolls of identify {unknown}
 g - a scroll of revelation {unknown}
 h - a scroll of vulnerability {unknown}
Potions
 d - a potion of might


   Skills:
 + Level 4.2 Fighting
 + Level 4.2 Axes
 + Level 3.7 Armour
 + Level 0.4 Dodging
 + Level 3.8 Shields


You had 3 spell levels left.
You didn't know any spells.
Your spell library was empty.

Dungeon Overview and Level Annotations

Branches:
Dungeon (2/15)

Altars:

Shops:
D:1 ?


Message History

You feel very sick. The scorpion closely misses you.
You block the scorpion's attack.
You hit the scorpion but do no damage.
The scorpion is heavily wounded.
You feel sick. The scorpion closely misses you.
You are too injured to fight recklessly!
You are too injured to fight recklessly!
You hit the scorpion.
The scorpion is severely wounded.
You feel sick. The scorpion stings you.
You are lethally poisoned!
The scorpion poisons you! The scorpion stings you.
You hit the scorpion.
The scorpion is severely wounded.
* * * LOW HITPOINT WARNING * * *
You feel very sick. You block the scorpion's attack.
The scorpion barely misses you.
You hit the scorpion but do no damage.
The scorpion is severely wounded.
* * * LOW HITPOINT WARNING * * *
You feel very sick.
The scorpion stings you but does no damage.
You barely miss the scorpion.
The scorpion is severely wounded.
* * * LOW HITPOINT WARNING * * *
You feel very sick.
The scorpion stings you but does no damage.
The scorpion misses you.
You hit the scorpion.
You kill the scorpion!
* * * LOW HITPOINT WARNING * * *
You feel sick.
Your Axes skill gained 2 levels and is now at level 4!
You have reached level 4!
It was a potion of enlightenment.
You feel very buoyant.
You fly up into the air.
* * * LOW HITPOINT WARNING * * *
You feel sick. The kobold hits you with a +0 whip.
You die...

... .. . .. #..####
.# #......### .#
#.!@.#
.################K#
#.#.#.#.#.#.#.#.#g#
..............r...#
#.#K#.#.#.#.#.#.#.#
..................#
#.#.#.#.#.#.#.#.#.#
#############.....#
# #######


You could see a hobgoblin and a kobold.

Vanquished Creatures
  A scorpion (D:2)
  2 dart slugs (D:1)
  2 endoplasms (D:1)
  2 giant cockroaches (D:1)
  2 goblins (D:1)
  A quokka (D:1)
  2 ball pythons (D:1)
  4 bats (D:1)
  2 frilled lizards
  A kobold (D:1)
  3 rats
22 creatures vanquished.

Notes
Turn   | Place    | Note
-------+----------+-------------------------------------------
     0 | D:1      | Marvel the Hill Orc Fighter began the quest for the Orb.
     0 | D:1      | Reached XP level 1. HP: 19/19 MP: 1/1
   188 | D:1      | Reached XP level 2. HP: 27/27 MP: 2/2
   325 | D:1      | Found Ziudduad's Magic Scroll Shop.
   707 | D:2      | Noticed a scorpion
   714 | D:2      | Reached XP level 3. HP: 33/33 MP: 3/3
   748 | D:2      | Killed a scorpion
   748 | D:2      | HP: 1/33 [poisoned by a scorpion]
   749 | D:2      | Reached XP level 4. HP: 1/40 MP: 4/4
   749 | D:2      | Slain by a kobold

Illustrated notes

Levels and vault maps discovered:
D:1:      psy_arrival_whirlpool, layout_basic, serial_shops,
          nicolae_shop_getting_attention
D:2:      layout_rooms, basic_altar, ebering_ecumenical_altar_abandoned,
          st_stairs_13, kennysheep_decorative_pillar

Skill      XL: |  1  2  3 |
---------------+----------+-----
Fighting       | 4 |  4.2
Axes           | 4 |  4.2
Armour         | |  3.7
Dodging        | |  0.4
Shields        | |  3.8

Action                     |  1- 3 |  4- 6 || total
---------------------------+-------+-------++-------
  Melee: War axe           |    60 |       ||    60
    Use: Potion            |       |     1 ||     1
 Armour: Scale mail        |    46 |     1 ||    47
  Dodge: Dodged            |    39 |       ||    39
  Block: Buckler           |    20 |       ||    20
